AoeStats
← thecartelflow

Arabia

510187518Analyzed
1v1 RM · 4d ago on Sep 29, 2026· 21m 10s· 2 players
Game mode
Random Map
Map size
Tiny (2 player)
Population
200
Speed
Normal
Resources
Standard
Victory
Conquest
Starting age
Dark Age
Ending age
Imperial Age
RankedLock teamsTeams togetherTeam positionsShared explorationLock speedFull tech treeHidden civsTurbo modeCheats
Victory
Defeat
🇨🇱 Wu · Chile
828
+15
🇺🇸 Persians · United States
809
-39
thecartelflow
0:41 Loom
10:31 Feudal Age
12:45 Horse Collar
12:54 Double-Bit Axe
13:48 Town Watch
16:49 Wheelbarrow
18:45 Arson
DarthCerna
8:19 Loom
11:06 Feudal Age
20:26 Castle Age
18:52 Fletching
19:00 Double-Bit Axe
19:09 Horse Collar
Connection lost

Rejoining the realm…

Still unreachable

The connection could not be restored.

Session expired

The server has moved on; the page needs a fresh start.